 Dungeon Crawl Stone Soup version 0.24.0-13-gcf9b319 (webtiles) character file.

Game seed: 16254870932868074874, levelgen mode: deterministic

239 warborn304 the Conjurer (level 5, -1/28 HPs)
             Began as a Deep Elf Conjurer on Dec 20, 2019.
             Shot with an arrow by a centaur (12 damage)
             ... on level 6 of the Dungeon.
             The game lasted 00:13:58 (4760 turns).

warborn304 the Conjurer (Deep Elf Conjurer)         Turns: 4760, Time: 00:13:59

Health: -1/28      AC:  2    Str:  6    XL:     5   Next: 79%
Magic:  12/12      EV: 13    Int: 20    God:
Gold:   385        SH:  0    Dex: 15    Spells: 8/11 levels left

rFire    . . .     SeeInvis .   r - +6 dagger (drain)
rCold    . . .     Gourm    .   (no shield)
rNeg     . . .     Faith    .   a - +0 robe
rPois    .         Spirit   .   (no helmet)
rElec    .         Reflect  .   (no cloak)
rCorr    .         Harm     .   (no gloves)
MR       +....                  (no boots)
Stlth    +++.......             (no amulet)
HPRegen  0.09/turn              j - ring of stealth
MPRegen  0.13/turn              l - ring of protection from magic

@: no status effects
A: no striking features
a: no special abilities


You were on level 6 of the Dungeon.
You were not hungry.

You visited 1 branch of the dungeon, and saw 5 of its levels.

You collected 385 gold pieces.

Inventory:

Hand Weapons
 r - a +6 dagger of draining (weapon)
 v - the +8 spear "Barerhod" {pierce, rF- rC+ Int+4, unknown}
   (You found it on level 4 of the Dungeon)

   It inflicts extra damage upon your enemies.
   It affects your intelligence (+4).
   It makes you vulnerable to fire.
   It protects you from cold.
Missiles
 m - 9 atropa-tipped darts (quivered)
 s - 9 poisoned darts
Armour
 a - a +0 robe (worn)
Jewellery
 j - a ring of stealth (left hand)
 k - an uncursed ring of ice
 l - a ring of protection from magic (right hand)
 p - a cursed ring of attention
Wands
 f - a wand of iceblast (11)
Scrolls
 b - a scroll of immolation
 d - 2 scrolls of teleportation
 e - 4 scrolls of remove curse
 g - a scroll of fog
 h - 2 scrolls of magic mapping
 i - a scroll of random uselessness {unknown}
 o - a scroll of noise
 t - a scroll of identify
 u - a scroll of amnesia
 w - 3 scrolls of blinking {unknown}
Potions
 n - a potion of heal wounds
 q - 2 potions of flight {unknown}
Comestibles
 c - 6 rations


   Skills:
 + Level 2.4 Dodging
 - Level 2.4 Stealth
 + Level 3.9 Spellcasting
 * Level 7.5 Conjurations


You had 8 spell levels left.
You knew the following spells:

 Your Spells              Type           Power        Failure   Level  Hunger
a - Magic Dart            Conj           ####         1%          1    None
b - Searing Ray           Conj           ####..       1%          2    ##.....

Your spell library contained the following spells:

 Spells                   Type           Power        Failure   Level  Hunger
 Iskenderun's Mystic Bla  Conj           ####....     6%          4    ####...
 Dazzling Spray           Conj/Hex       ###...       9%          3    ###....
 Force Lance              Conj/Tloc      ###.....     26%         4    ####...
 Fulminant Prism          Conj/Hex       ###.......   26%         4    ####...


Dungeon Overview and Level Annotations

Branches:
Dungeon (4/15)
 Temple: D:4-7

Altars:
Ashenzari
Cheibriados
Okawaru
Trog


Message History

The bullfrog croaks.
A crimson imp comes into view.
Found 9 gold pieces.
A centaur comes into view.
The centaur shouts!
The centaur wields a +0 shortbow.
The centaur shoots an arrow.
The arrow closely misses you.
The centaur shoots an arrow.
The arrow hits you.
The crimson imp blinks!
The bullfrog closely misses you.
You see here an arrow.
The centaur shoots an arrow.
The arrow closely misses you.
You see here an arrow.
The centaur shoots an arrow.
The arrow hits you! The bullfrog closely misses you.
Found 12 gold pieces.
You see here an arrow.
You hit the crimson imp.
The crimson imp is lightly wounded.
The centaur shoots an arrow.
The arrow hits you!
You die...

#....#...........
#......######.....(.####
#...... #.......#
'....c. #.......#
#......#+####.......#
#...................#
#....$..............#
#............########
#.....5@F(...#
#......####### #......
$...... ....... .......
....... .###+##


You could see a bullfrog, a centaur and a crimson imp.

Vanquished Creatures
  Ijyb (D:3)
  2 iguanas (D:4)
  3 worker ants (D:4)
  2 adders (D:2)
  An ooze (D:1)
  An adder skeleton (D:3)
  A worm (D:4)
  A dart slug (D:1)
  4 leopard geckos
  2 orcs (D:3)
  4 bats
  5 goblins
  6 hobgoblins
  11 jackals
  2 quokkas (D:3)
  2 ball pythons (D:3)
  2 frilled lizards
  4 kobolds
  6 rats
60 creatures vanquished.

Notes
Turn   | Place    | Note
-------+----------+-------------------------------------------
     0 | D:1      | warborn304 the Deep Elf Conjurer began the quest for the
                  | Orb.
     0 | D:1      | Reached XP level 1. HP: 10/10 MP: 6/6
   134 | D:1      | Reached XP level 2. HP: 15/15 MP: 2/8
   383 | D:1      | Reached skill level 5 in Conjurations
  1047 | D:2      | Found a faded altar of an unknown god.
  1049 | D:2      | Reached XP level 3. HP: 19/19 MP: 4/9
  1271 | D:2      | Found an iron altar of Okawaru.
  1997 | D:3      | Reached skill level 6 in Conjurations
  2002 | D:3      | Learned a level 2 spell: Searing Ray
  2219 | D:3      | Found a shattered altar of Ashenzari.
  2219 | D:3      | Found a snail-covered altar of Cheibriados.
  2234 | D:3      | Noticed Ijyb
  2515 | D:3      | Reached XP level 4. HP: 24/24 MP: 5/10
  3204 | D:3      | Killed Ijyb
  3437 | D:4      | Reached XP level 5. HP: 22/28 MP: 5/12
  3497 | D:4      | Reached skill level 7 in Conjurations
  4220 | D:4      | Got a jewelled spear
  4316 | D:4      | Noticed a centaur
  4713 | D:4      | Found a bloodstained altar of Trog.
  4715 | D:4      | Noticed a wizard
  4715 | D:4      | You fall into a shaft and drop 2 floors!
  4756 | D:6      | Noticed a centaur
  4760 | D:6      | Shot with an arrow by a centaur

Levels and vault maps discovered:
D:1:      giann_bridges, layout_loops_ring
D:2:      layout_loops_ring, nicolae_overflow_crystal_walls,
          chequers_ecumenical_altar_island, first_ration
D:3:      layout_loops_ring, gammafunk_temple_overflow_elements, uniq_ijyb
D:4:      kennysheep_big_flooded_room, layout_loops_ring, trog_wizard
D:6:      layout_gridville, minmay_temple_entry_glassed_door,
          minmay_a_box_with_orc_wizards_in_it

Skill      XL: |  1  2  3  4  5 |
---------------+----------------+-----
Conjurations   | 5 6 7 |  7.5
Dodging        | |  2.4
Stealth        | |  2.4
Spellcasting   | |  3.9

Action                   |  1- 3 |  4- 6 || total
-------------------------+-------+-------++-------
Melee: Unarmed           |       |     5 ||     5
       Dagger            |       |    25 ||    25
 Cast: Magic Dart        |    76 |    51 ||   127
       Searing Ray       |     1 |       ||     1
Evoke: Wand              |       |     3 ||     3
  Use: Scroll            |     8 |     4 ||    12
 Stab: Sleeping          |       |     1 ||     1
  Eat: Ration            |     1 |     2 ||     3
       Chunk             |     1 |       ||     1
Armor: Robe              |     4 |     6 ||    10
Dodge: Dodged            |    18 |    36 ||    54
